 Dungeon Crawl Stone Soup version 0.31.0-12-g77e489cdc1 (webtiles) character file.

Game seed: 779829639988000024

72 spaghetti the Vexing (level 4, 0/34 HPs)
             Began as a Gnoll Hexslinger on Mar 2, 2024.
             Slain by Terence
             ... wielding a +0 mace
              (5 damage)
             ... on level 2 of the Dungeon.
             The game lasted 00:01:49 (1245 turns).

spaghetti the Vexing (Gnoll Hexslinger)             Turns: 1245, Time: 00:01:49

Health: 0/34       AC:  2    Str:  7    XL:     4   Next: 25%
Magic:  8/8        EV: 14    Int: 13    God:
Gold:   99         SH:  0    Dex: 16    Spells: 9/9 levels left

rFire   . . .        h - +4 dagger (venom)
rCold   . . .        (no shield)
rNeg    . . .        c - +0 robe
rPois   .            (no helmet)
rElec   .            (no cloak)
rCorr   .            (no gloves)
SInv    .            (no boots)
Will    .....        (no amulet)
Stlth   ++           (no ring)
HPRegen 0.25/turn    (no ring)
MPRegen 0.11/turn

%: no passive effects
@: no status effects
A: fangs 1, strong nose, distributed training
a: no special abilities


You were on level 2 of the Dungeon.
You visited 1 branch of the dungeon, and saw 2 of its levels.

You collected 99 gold pieces.

Inventory:

Hand Weapons
 a - a +1 sling
 h - a +4 dagger of venom (weapon)
Armour
 c - a +0 robe (worn)
Jewellery
 f - a ring of resist corrosion
Scrolls
 b - a scroll of poison
 i - a scroll of immolation
 j - a scroll of torment {unknown}
 k - a scroll of acquirement {unknown}
 m - a scroll of blinking
Potions
 e - a potion of curing
 g - a potion of heal wounds
 l - a potion of degeneration {unknown}


   Skills:
 + Level 2.7 Fighting
 + Level 1.1 Short Blades
 + Level 1.1 Long Blades
 + Level 1.1 Axes
 + Level 1.1 Maces & Flails
 + Level 1.1 Polearms
 + Level 1.1 Staves
 + Level 4.6 Ranged Weapons
 + Level 1.1 Throwing
 + Level 1.1 Armour
 + Level 4.6 Dodging
 + Level 1.1 Stealth
 + Level 1.1 Shields
 + Level 1.1 Unarmed Combat
 + Level 3.0 Spellcasting
 + Level 0.9 Conjurations
 + Level 5.4 Hexes
 + Level 0.9 Summonings
 + Level 0.9 Necromancy
 + Level 0.9 Translocations
 + Level 2.2 Fire Magic
 + Level 0.9 Ice Magic
 + Level 0.9 Air Magic
 + Level 0.9 Earth Magic
 + Level 0.9 Alchemy
 + Level 1.2 Invocations
 + Level 1.1 Evocations
 + Level 1.0 Shapeshifting


You had 9 spell levels left.
You didn't know any spells.
Your spell library contained the following spells:

 Spells                   Type           Power      Damage    Failure   Level
 Jinxbite                 Hex            32%        N/A       3%          2
 Sigil of Binding         Hex            16%        N/A       8%          3
 Inner Flame              Hex/Fire       12%        N/A       14%         3
 Cause Fear               Hex            8%         N/A       24%         4
 Gell's Gravitas          Tloc           4%         N/A       43%         3
 Teleport Other           Tloc           4%         N/A       43%         3
 Dimensional Bullseye     Hex/Tloc       5%         N/A       52%         4
 Irradiate                Conj/Alch      2%         3d12      99%         5
 Dispersal                Tloc           2%         N/A       100%        6
 Ignition                 Fire           3%         3d4       100%        8


Dungeon Overview and Level Annotations

Branches:
Dungeon (2/15)

Altars:

Annotations:
D:2 Terence


Innate Abilities, Weirdness & Mutations

You have very sharp teeth.
Your uncanny sense of smell can sniff out nearby items.
Your experience applies equally to all skills.


Message History

You are too injured to fight recklessly!
You are too injured to fight recklessly!
You are too injured to fight recklessly!
You are too injured to fight recklessly!
You are too injured to fight recklessly!
You are too injured to fight recklessly!
You are too injured to fight recklessly!
You are too injured to fight recklessly!
You are too injured to fight recklessly!
You are too injured to fight recklessly!
You are too injured to fight recklessly!
You are too injured to fight recklessly!
You are too injured to fight recklessly!
You are too injured to fight recklessly!
You are too injured to fight recklessly!
You are too injured to fight recklessly!
You are too injured to fight recklessly!
You are too injured to fight recklessly!
You are too injured to fight recklessly!
Your +4 dagger of venom begins to drip with poison!
h - a +4 dagger of venom (weapon)
Terence hits you with a +0 mace.
You barely miss Terence. Terence hits you with a +0 mace!
You hit Terence.
Terence is poisoned.
Terence is lightly wounded.
Terence hits you with a +0 mace.
* * * LOW HITPOINT WARNING * * *
You barely miss Terence.
Terence is moderately wounded.
Terence closely misses you.
You hit Terence.
Terence looks as sick as possible!
Terence is severely wounded.
Terence hits you with a +0 mace.
* * * LOW HITPOINT WARNING * * *
Unknown command.
You barely miss Terence.
Terence is severely wounded.
Terence hits you with a +0 mace.
You die...
Terence says, "That felt goooood."

∆#.##.# ####
##.#.##.# ..#
#......)### #.# ##
#........>. ###.#####
.. .........##
#.......# .#
#.....)..# #
#.#.###.# .#
##........# #.##.#.#
#.###.#..............
#......#
#...@@....#.......###
####.###
#####.#...#.#.#.###
#.# ... .......# #.#
.#... ...#.# #.#
.....# #.#)# #.# ..
#.# #.#.##### #.# ..#
.# #.#.##... ##.#
...##.# #........
#####..#### ... #.
#.#.##...


You could see Terence (extremely poisoned).

Vanquished Creatures
  A gnoll (D:1)
  A dart slug (D:2)
  A ribbon worm (D:2)
  7 endoplasms
  3 giant cockroaches
  4 hobgoblins
  A jackal (D:1)
  A quokka (D:1)
  5 ball pythons
  8 bats
  4 frilled lizards
  8 goblins
  7 kobolds
  3 rats
54 creatures vanquished.

Notes
Turn   | Place    | Note
-------+----------+-------------------------------------------
     0 | D:1      | spaghetti the Gnoll Hexslinger began the quest for the Orb.
     0 | D:1      | Reached XP level 1. HP: 17/17 MP: 4/4
   132 | D:1      | Reached XP level 2. HP: 18/23 MP: 5/5
   424 | D:1      | Reached XP level 3. HP: 28/28 MP: 7/7
   438 | D:1      | Reached skill level 1 in Invocations
   677 | D:1      | Reached skill level 1 in Short Blades
   677 | D:1      | Reached skill level 1 in Long Blades
   677 | D:1      | Reached skill level 1 in Axes
   677 | D:1      | Reached skill level 1 in Maces & Flails
   677 | D:1      | Reached skill level 1 in Polearms
   677 | D:1      | Reached skill level 1 in Staves
   677 | D:1      | Reached skill level 1 in Throwing
   677 | D:1      | Reached skill level 1 in Armour
   677 | D:1      | Reached skill level 1 in Stealth
   677 | D:1      | Reached skill level 1 in Shields
   677 | D:1      | Reached skill level 1 in Unarmed Combat
   677 | D:1      | Reached skill level 1 in Evocations
   949 | D:2      | Reached skill level 1 in Shapeshifting
   949 | D:2      | Reached XP level 4. HP: 34/34 MP: 8/8
  1233 | D:2      | Noticed Terence
  1245 | D:2      | Slain by Terence

Illustrated notes

Levels and vault maps discovered:
D:1:      dpeg_arrival_arbitrary_a, layout_basic,
          hangedman_abyss_or_decor_lesser_grid, minmay_pentomino_v2
D:2:      layout_loops_cross, small_statue_intersection, minmay_cupped,
          uniq_terence

Skill      XL: |  1  2  3  4 |
---------------+-------------+-----
Fire Magic     | 2 |  2.2
Invocations    | 1 |  1.2
Short Blades   | 1 |  1.1
Long Blades    | 1 |  1.1
Axes           | 1 |  1.1
Maces & Flails | 1 |  1.1
Polearms       | 1 |  1.1
Staves         | 1 |  1.1
Throwing       | 1 |  1.1
Armour         | 1 |  1.1
Stealth        | 1 |  1.1
Shields        | 1 |  1.1
Unarmed Combat | 1 |  1.1
Evocations     | 1 |  1.1
Shapeshifting  | 1 |  1.0
Spellcasting   | 3 |  3.0
Fighting       | |  2.7
Ranged Weapons | |  4.6
Dodging        | |  4.6
Conjurations   | |  0.9
Hexes          | |  5.4
Summonings     | |  0.9
Necromancy     | |  0.9
Translocations | |  0.9
Ice Magic      | |  0.9
Air Magic      | |  0.9
Earth Magic    | |  0.9
Alchemy        | |  0.9

Action                     |  1- 3 |  4- 6 || total
---------------------------+-------+-------++-------
  Melee: Dagger            |       |     5 ||     5
   Fire: Sling             |   109 |    34 ||   143
    Use: Scroll            |     4 |     1 ||     5
 Armour: Robe              |    22 |    10 ||    32
  Dodge: Dodged            |    25 |     2 ||    27
